 Dungeon Crawl Stone Soup version 0.26.1-11-gd32895ea62 (webtiles) character file.

Game seed: 15757698365745685358

54 Zeld the Sneak (level 3, -1/24 HPs)
             Began as an Octopode Brigand on May 16, 2021.
             Was an Initiate of Fedhas.
             Slain by a worker ant (6 damage)
             ... on level 4 of the Dungeon.
             The game lasted 00:01:25 (1265 turns).

Zeld the Sneak (Octopode Brigand)                   Turns: 1265, Time: 00:01:27

Health: -1/24      AC:  1    Str: 11    XL:     3   Next: 91%
Magic:  5/5        EV: 13    Int: 13    God:    Fedhas [......]
Gold:   59         SH:  0    Dex: 13    Spells: 5/5 levels left

rFire    . . .     SeeInvis .   a - +2 dagger
rCold    . . .     Faith    .   (no shield)
rNeg     . . .     Spirit   .   (helmet restricted)
rPois    .         Reflect  .   (no amulet)
rElec    .         Harm     .   (no ring)
rCorr    .         Rampage  .   (no ring)
Will     .....                  (no ring)
Stlth    ++++......             (no ring)
HPRegen  0.08/turn              (no ring)
MPRegen  0.09/turn              (no ring)
                                (no ring)
                                (no ring)

@: lethally poisoned (-1 -> -14)
A: almost no armour, stealthy swim, amphibious, 8 rings, constrict 8, camouflage
1, gelatinous body 1
a: Renounce Religion


You were on level 4 of the Dungeon.
You worshipped Fedhas.
Fedhas was noncommittal.
You visited 2 branches of the dungeon, and saw 6 of its levels.

You collected 59 gold pieces.

Inventory:

Hand Weapons
 a - a +2 dagger (weapon)
Missiles
 b - 17 poisoned darts (quivered)
 c - 2 curare-tipped darts
Jewellery
 d - an uncursed amulet of regeneration {unknown}
Scrolls
 g - 2 scrolls of magic mapping {unknown}
 j - a scroll of identify {unknown}
Potions
 e - a potion of haste {unknown}
 f - a potion of heal wounds
 h - a potion of invisibility {unknown}
 i - a potion of magic {unknown}
 k - a potion of attraction {unknown}
 l - a potion of brilliance {unknown}


   Skills:
 - Level 2.0 Fighting
 - Level 2.0 Short Blades
 * Level 3.5 Throwing
 - Level 1.0 Dodging
 - Level 5.3 Stealth
 + Level 1.5 Spellcasting


You had 5 spell levels left.
You didn't know any spells.
Your spell library was empty.

Dungeon Overview and Level Annotations

Branches:
Dungeon (5/15)             Temple (1/1) D:4

Altars:
Elyvilon
Fedhas
Gozag
Kikubaaqudgha
Makhleb
Nemelex Xobeh
Okawaru
Uskayaw
Vehumet
Xom
Zin

Shops:
D:5 *:(}


Innate Abilities, Weirdness & Mutations

You cannot wear most types of armour.
You are very stealthy in the water. (Stealth+)
You are amphibious.
You can wear up to eight rings at the same time.
You can use your tentacles to constrict eight enemies at once.
Your skin changes colour to match your surroundings (Stealth+).
Your rubbery body absorbs attacks. (AC +1, EV +1)


Message History

The worker ant bites you. The hound skeleton barely misses you.
You feel sick. The orc priest closely misses you.
The hound skeleton closely misses you. The hound skeleton bites you.
You feel sick.
You feel sick.
Okay, then.
You hit the worker ant. You grab the worker ant.
The worker ant is moderately wounded.
You constrict the worker ant. The worker ant bites you.
* * * LOW HITPOINT WARNING * * *
You are lethally poisoned!
The worker ant poisons you!
You hit the worker ant.
The worker ant is heavily wounded.
You constrict the worker ant.
* * * LOW HITPOINT WARNING * * *
You feel sick. The worker ant bites you.
You die...
Fedhas appreciates your contribution to the ecosystem.

.##.## ##.#######..
##.....#.########...........
.......#.:................# #
#.#...#..##.#..#.#.#.#.#.#
##.#........# .##.......$...#
#....#...##>##.##.#.......#.#
............##.#............#
#...##...##o##.#..#...>...#.#
#...>..wZB@..............#
#.......###.##.#.......#.#
#.>.....###.##...........#
#..............#.#.#.#.#.#
#....?...................#
#.........#.#.#.#.####.?##
#.........#...#..... .##
########..##..#.##### #
#......#$#


You could see a worm, a worker ant, an orc priest and a hound skeleton.

Vanquished Creatures
  An adder (D:4)
  A worm (D:3)
  3 dart slugs
  4 leopard geckos
  2 bats
  3 giant cockroaches
  2 goblins
  A hobgoblin (D:1)
  3 jackals (D:1)
  2 kobolds (D:1)
  2 frilled lizards (D:2)
  9 rats
33 creatures vanquished.

Notes
Turn   | Place    | Note
-------+----------+-------------------------------------------
     0 | D:1      | Zeld the Octopode Brigand began the quest for the Orb.
     0 | D:1      | Reached XP level 1. HP: 14/14 MP: 1/1
   189 | D:1      | Reached XP level 2. HP: 19/19 MP: 2/2
   437 | D:1      | Reached skill level 1 in Spellcasting
   577 | D:1      | Reached XP level 3. HP: 20/24 MP: 4/4
   916 | D:4      | Found a staircase to the Ecumenical Temple.
   930 | Temple   | Entered the Ecumenical Temple
  1113 | Temple   | Became a worshipper of Fedhas Madash
  1239 | D:5      | Entered Level 5 of the Dungeon
  1239 | D:5      | Found Pimuocat's Gadget Boutique.
  1239 | D:5      | Found Liaptuxo's Weapon Boutique.
  1248 | D:5      | Found Liutrut's Book Boutique.
  1248 | D:5      | Found Uhiczud's General Store.
  1248 | D:5      | Noticed an ogre
  1265 | D:4      | Slain by a worker ant

Illustrated notes

Levels and vault maps discovered:
D:1:      mrwooster_arrival_statue, layout_basic, chequers_avenue,
          minmay_lizard_king
D:2:      layout_rooms
D:3:      layout_basic, amcnicky_altar_gilded
D:4:      layout_loops_cross, bloody_trog, minmay_temple_entry_glass
D:5:      layout_gridville, grunt_qazlal_clouds, serial_shops,
          kennysheep_little_box, nicolae_shop_statue_plus, shop, shop_statue,
          shop, minmay_shop_grid_forest, minmay_curled_crystal,
          nicolae_ru_sacrificial_ziggurat
Temple:   minmay_temple_curvy_loop

Skill      XL: |  1  2 |
---------------+-------+-----
Spellcasting   | 1 |  1.5
Throwing       | 3 |  3.5
Fighting       | |  2.0
Short Blades   | |  2.0
Dodging        | |  1.0
Stealth        | |  5.3

Action                   || total
-------------------------++-------
Melee: Dagger            ||    62
       Constrict         ||    19
       Tentacles         ||    13
  Use: Potion            ||     1
 Stab: Sleeping          ||     9
Armor: Skin              ||     7
Dodge: Dodged            ||    46
